Map: Catalyst LE

Players

Scarlett

  • Race: Zerg Zerg
  • Spawn Location: 11:00

Stephano - Winner!

  • Race: Zerg Zerg
  • Spawn Location: 5:00

Event: WCS Leipzig 2018

VOD

Have the link to the VOD?

Description

Time

  • Played on: Jan. 26, 2018, 1:06 p.m.
  • Length: 8:14

All games in this series

Show
View Real Time Build Order
Export as new Build Order

Scarlett Zerg 

Build Orders: Pool First 

Get SALT Encoding   

  12  0:00  Drone  
  13  0:12  Overlord  
  13  0:17  Drone  
  14  0:30  Drone x2  
  16  0:41  Spawning Pool  
  15  0:45  Drone  
  15  0:48  Drone  
  17  0:58  Drone  
  18  1:12  Hatchery  
  18  1:14  Extractor  
  16  1:27  Zergling x4  
  16  1:28  Zergling x2  
  19  1:34  Queen  
  19  1:39  Zergling x2  
  22  1:51  Overlord  
  22  2:10  Queen  
  22  2:13  Drone, Metabolic Boost  
  25  2:18  Zergling x2  
  26  2:26  Zergling x2  
  26  2:27  Zergling x2  
  28  2:32  Zergling x2  
  29  2:48  Zergling x8  
  30  2:53  Zergling x2  
  30  2:54  Zergling x2  
  30  2:58  Overlord  
  31  3:03  Zergling x2  
  32  3:12  Zergling x2  
  33  3:16  Zergling x2  
  34  3:23  Zergling x6  
  34  3:26  Zergling x8  
  41  3:31  Zergling x2  
  42  3:36  Overlord  
  42  3:38  Zergling x2  
  42  3:52  Drone x2  
  40  3:56  Baneling Nest  
  31  4:06  Drone  
  31  4:10  Drone x5  
  31  4:25  Zergling x6  
  31  4:31  Drone x4  
  36  4:44  Baneling  
  36  4:45  Baneling, Queen, Drone  
  36  4:46  Drone  
  36  4:47  Drone  
  36  4:51  Baneling  
  40  4:54  Drone x2  
  40  4:55  Drone  
  43  5:07  Drone x5  
  43  5:10  Baneling x2  
  43  5:11  Zergling x4  
  50  5:17  Extractor  
  50  5:21  Zergling x8  
  46  5:29  Queen  
  46  5:33  Zergling x6  
  49  5:45  Baneling, Hatchery  
  49  5:47  Drone x3  
  51  5:56  Roach Warren  
  50  5:58  Drone  
  50  5:59  Overlord  
  51  6:05  Overlord  
  51  6:14  Baneling  
  51  6:15  Baneling x2  
  51  6:16  Queen  
  52  6:23  Zergling x2  
  52  6:24  Zergling x10  
  54  6:30  Lair  
  54  6:34  Zergling x4  
  54  6:35  Evolution Chamber  
  54  6:36  Drone x2  
  57  6:40  Extractor  
  56  6:49  Drone x2  
  56  6:50  Hatchery  
  55  7:08  Zergling x2, Hatchery  
  55  7:09  Zergling x16  
  55  7:14  Queen  
  58  7:20  Zergling x4  
  59  7:27  Roach x2  
  63  7:38  Roach x2  
  64  7:50  Ravager  
  64  7:51  Overlord  
  65  7:54  Roach, Overlord  
Show
View Real Time Build Order
Export as new Build Order

Stephano Zerg - Winner!

Build Orders: Hatch First 

Get SALT Encoding   

  12  0:00  Drone  
  13  0:12  Overlord  
  13  0:17  Drone  
  14  0:31  Drone x2  
  14  0:34  Drone  
  17  0:52  Hatchery  
  17  0:54  Drone  
  17  0:57  Drone  
  18  1:08  Extractor  
  17  1:13  Spawning Pool  
  17  1:15  Drone  
  17  1:19  Drone  
  18  1:29  Drone  
  19  1:39  Overlord  
  19  1:50  Drone  
  20  1:59  Queen  
  22  2:02  Drone  
  22  2:03  Queen  
  22  2:04  Drone  
  22  2:07  Metabolic Boost  
  26  2:12  Zergling x2  
  26  2:15  Zergling x2  
  28  2:26  Zergling x4  
  30  2:34  Zergling x2  
  30  2:38  Queen  
  31  2:49  Drone x2  
  31  2:51  Drone  
  31  2:58  Baneling Nest  
  31  2:59  Drone x2  
  31  3:05  Overlord  
  32  3:14  Drone  
  32  3:15  Drone x2  
  35  3:23  Zergling x4  
  37  3:28  Zergling x2  
  37  3:29  Zergling x2  
  37  3:32  Zergling x4  
  41  3:37  Evolution Chamber  
  39  3:42  Baneling x2  
  39  3:43  Baneling x2  
  39  3:44  Zergling x8  
  43  3:53  Zergling x4, Overlord  
  42  3:58  Overlord  
  36  4:03  Drone  
  36  4:07  Zergling x6  
  39  4:11  Baneling x2  
  39  4:21  Drone x2  
  40  4:24  Zergling x4  
  41  4:37  Drone x2, Queen  
  43  4:40  Zergling x4  
  45  4:53  Zerg Ground Armor Level 1  
  45  4:57  Hatchery  
  44  5:01  Drone  
  44  5:07  Baneling x2  
  44  5:08  Drone x4  
  44  5:10  Drone  
  45  5:23  Zergling x4  
  45  5:24  Zergling x4  
  47  5:29  Zergling x4  
  47  5:30  Zergling x2  
  47  5:31  Queen  
  51  5:39  Zergling x4  
  53  5:43  Baneling x3  
  53  5:48  Drone, Extractor  
  53  5:49  Extractor  
  52  5:50  Drone  
  52  5:51  Roach Warren  
  52  5:55  Drone  
  53  5:57  Drone  
  54  6:06  Baneling  
  53  6:16  Zergling x2  
  53  6:17  Zergling x12  
  55  6:28  Overlord  
  55  6:32  Drone  
  55  6:33  Drone x4  
  55  6:37  Baneling x2  
  55  6:39  Overlord x3  
  59  6:45  Roach x3  
  65  6:59  Roach x7  
  77  7:08  Roach x2  
  79  7:13  Roach x3  
  81  7:19  Zergling x4  
  81  7:20  Zergling x2  
  81  7:22  Zergling x6  
  86  7:26  Ravager x2  
  86  7:28  Zergling x6  
  86  7:29  Zergling x2  
  92  7:32  Zergling x6  
  92  7:35  Zergling x2  
  96  7:39  Overlord  
  95  7:45  Overlord  
  95  7:47  Zergling x2  
  95  7:48  Zergling x2  
  97  7:55  Overlord  
Tags
 
Add a new tag
Caveats
  • Supply blocks, unpowered buildings, or Contaminate may cause inaccurate times.
  • Supply counts are checked every 10 seconds.